Map: 永恒帝国-天梯版

Players

Cyan

  • Race: Protoss Protoss

TIME (Oliveira) - Winner!

  • Race: Terran Terran

Event: DreamHack SC2 Masters 2020 Summer China

VOD

Have the link to the VOD?

Description

Time

  • Played on: July 5, 2020, 8:29 a.m.
  • Length: 9:31

All games in this series

Show
View Real Time Build Order
Export as new Build Order

Cyan Protoss 

Build Orders: 1 Gate Expand 

Get SALT Encoding   

  12  0:00  Probe  
  13  0:12  Probe  
  14  0:17  Pylon  
  14  0:24  Probe  
  15  0:32  Probe  
  15  0:38  Gateway  
  15  0:40  Probe  
  16  0:46  Assimilator  
  17  0:51  Probe  
  18  1:03  Probe  
  19  1:15  Probe  
  20  1:22  Nexus  
  20  1:32  Cybernetics Core  
  20  1:34  Probe  
  20  1:39  Assimilator  
  21  1:46  Probe  
  22  1:50  Pylon  
  22  1:58  Probe  
  22  1:59  Adept  
  23  2:09  Warp Gate  
  23  2:10  Probe  
  26  2:22  Probe  
  27  2:26  Twilight Council  
  27  2:29  Stalker  
  29  2:30  Probe  
  29  2:31  Probe  
  31  2:38  Probe  
  31  2:43  Probe  
  32  2:45  Robotics Facility  
  32  2:50  Probe  
  34  2:55  Probe  
  34  2:56  Charge  
  35  3:02  Pylon, Probe  
  36  3:10  Probe  
  37  3:16  Probe  
  38  3:20  Gateway  
  38  3:24  Gateway  
  38  3:25  Probe  
  39  3:31  Observer  
  40  3:40  Gateway  
  40  3:41  Gateway  
  40  3:42  Gateway, Warp Prism  
  42  3:59  Pylon  
  42  4:03  Stalker  
  42  4:07  Pylon  
  44  4:18  Pylon  
  44  4:22  Zealot  
  44  4:23  Zealot  
  48  4:30  Observer  
  48  4:31  Nexus  
  48  4:45  Zealot x4  
  51  4:46  Zealot x2  
  59  5:11  Zealot  
  59  5:12  Zealot x5  
  42  5:40  Zealot x3  
  42  5:41  Zealot x3  
  54  5:43  Probe x2  
  54  5:44  Pylon  
  46  6:06  Stalker x2  
  46  6:07  Probe x2  
  46  6:09  Zealot x2  
  46  6:10  Zealot x2  
  58  6:13  Assimilator  
  58  6:16  Observer  
  58  6:19  Probe x2  
  58  6:22  Forge  
  58  6:23  Gateway  
  58  6:25  Gateway  
  61  6:27  Assimilator  
  61  6:30  Probe  
  61  6:31  Probe  
  61  6:32  Probe  
  64  6:35  Protoss Ground Armor Level 1  
  64  6:40  Dark Shrine  
  64  6:41  Observer  
  64  6:42  Probe  
  64  6:44  Probe x2  
  68  6:47  Pylon  
  68  6:50  Pylon  
  68  6:54  Probe  
  69  7:01  Probe  
  69  7:02  Observer, Probe x2  
  73  7:10  Probe  
  73  7:14  Sentry, Zealot x2, Probe x2  
  82  7:17  Shield Battery  
  82  7:19  Pylon  
  82  7:20  Shield Battery  
  82  7:22  Sentry  
  82  7:28  Zealot x2  
  88  7:30  Warp Prism  
  88  7:35  Shield Battery  
  88  7:38  Pylon  
  88  7:43  Stalker  
  90  7:53  Dark Templar  
  90  7:55  Dark Templar  
  92  7:59  Zealot x2  
  94  8:06  Stalker x2  
  98  8:18  Sentry  
  98  8:19  Stalker  
  100  8:25  Zealot x3  
  92  8:32  Zealot x2  
  94  8:35  Stalker  
  96  8:45  Zealot x3  
  96  8:47  Dark Templar  
  101  8:54  Zealot x3  
  95  8:59  Dark Templar  
  92  9:06  Zealot  
  94  9:13  Zealot  
Show
View Real Time Build Order
Export as new Build Order

TIME Terran - Winner!

Build Orders:  

Get SALT Encoding   

  12  0:00  SCV  
  13  0:13  SCV  
  14  0:17  Supply Depot  
  14  0:25  SCV  
  15  0:39  SCV, Barracks  
  16  0:44  Refinery  
  16  0:51  SCV  
  17  1:03  SCV  
  18  1:15  SCV  
  19  1:26  Marine  
  19  1:28  Orbital Command  
  20  1:40  Command Center  
  20  1:51  Factory  
  20  1:55  SCV  
  21  2:03  Barracks Reactor  
  21  2:07  SCV  
  22  2:11  Supply Depot  
  22  2:15  Refinery  
  22  2:19  SCV  
  23  2:32  SCV  
  24  2:44  Hellion x2  
  28  2:45  Barracks Tech Lab, SCV  
  29  2:52  Orbital Command  
  29  2:57  SCV  
  30  3:11  Cyclone  
  30  3:12  SCV  
  34  3:18  SCV  
  37  3:25  Command Center  
  37  3:26  SCV  
  36  3:28  Marine x2  
  36  3:32  SCV  
  39  3:39  Barracks  
  39  3:40  SCV  
  40  3:44  SCV  
  40  3:46  Supply Depot  
  41  3:50  Siege Tank  
  41  3:52  Marine  
  41  3:55  SCV  
  46  4:01  Bunker  
  46  4:07  Marine  
  46  4:08  SCV  
  46  4:09  Barracks  
  48  4:10  SCV  
  49  4:19  Engineering Bay  
  49  4:20  SCV  
  49  4:22  Marine  
  49  4:23  SCV  
  52  4:29  Barracks Tech Lab  
  52  4:32  SCV  
  52  4:36  SCV  
  52  4:37  Siege Tank, Supply Depot  
  57  4:40  Orbital Command  
  57  4:42  Marine  
  58  4:46  SCV  
  58  4:48  Terran Infantry Weapons Level 1  
  58  4:51  Stimpack, Marine  
  60  4:54  SCV  
  61  5:01  SCV  
  61  5:02  Starport  
  61  5:04  Refinery  
  61  5:06  Supply Depot, Marine  
  63  5:09  SCV  
  63  5:10  Marine  
  65  5:15  Marine  
  52  5:37  SCV  
  53  5:45  SCV  
  53  5:48  Marine  
  55  5:52  SCV  
  55  5:53  Marine  
  55  5:57  Marine  
  53  6:04  SCV  
  53  6:06  Starport Reactor  
  53  6:07  SCV  
  55  6:11  Marine  
  55  6:12  SCV  
  55  6:15  Marine  
  55  6:16  SCV  
  57  6:19  SCV  
  57  6:22  Marine  
  57  6:24  SCV  
  60  6:28  Combat Shield  
  60  6:29  SCV  
  60  6:30  Marine, Factory Reactor  
  60  6:31  SCV  
  63  6:36  Supply Depot, Marine, SCV  
  66  6:41  SCV  
  66  6:42  Supply Depot, Marine  
  66  6:43  SCV  
  66  6:44  Medivac x2  
  72  6:48  Refinery, Terran Infantry Armor Level 1  
  72  6:49  Marine, SCV  
  72  6:50  Marine  
  72  6:54  Marine  
  75  6:57  SCV  
  75  7:00  Marine  
  75  7:01  Supply Depot  
  78  7:05  SCV  
  79  7:09  Marauder  
  79  7:10  Widow Mine x2, Barracks  
  79  7:11  Barracks  
  79  7:15  SCV x2  
  87  7:17  SCV  
  87  7:21  Medivac x2  
  87  7:22  Marine x2  
  94  7:27  SCV  
  94  7:29  Marauder  
  97  7:32  Marine  
  97  7:34  Missile Turret  
  97  7:36  Orbital Command, Widow Mine  
  100  7:39  Widow Mine  
  100  7:40  Marine  
  100  7:43  SCV  
  104  7:49  Marine  
  104  7:50  SCV  
  106  7:51  Supply Depot  
  106  7:52  Marine  
  106  7:53  Marauder  
  109  8:00  Barracks Reactor  
  109  8:02  Barracks Tech Lab  
  109  8:09  Supply Depot x2  
  109  8:13  Marine x2, SCV x2, Medivac  
  109  8:16  Armory  
  109  8:17  Engineering Bay  
  109  8:18  Marine  
  116  8:20  Marauder  
  116  8:26  Marine  
  105  8:28  Widow Mine  
  105  8:30  SCV  
  105  8:31  Marine  
  109  8:35  SCV  
  109  8:36  Marine x2  
  109  8:37  Marauder  
  109  8:38  Widow Mine  
  109  8:39  Medivac  
  116  8:42  Marauder, SCV  
  116  8:46  SCV  
  116  8:47  SCV  
  118  8:54  SCV  
  116  8:58  SCV  
  116  9:00  Marine x2, SCV  
  116  9:01  Marauder  
  121  9:06  SCV  
  116  9:17  Missile Turret  
Tags
 
Add a new tag
Caveats
  • Supply blocks, unpowered buildings, or Contaminate may cause inaccurate times.
  • Supply counts are checked every 10 seconds.